 Dungeon Crawl Stone Soup version 0.21-a0-125-gb006224 (webtiles) character file.

10317 Monsterracer the Destroyer (level 11, -2/63 HPs)
             Began as a Deep Elf Wizard on July 14, 2017.
             Was a Priest of Vehumet.
             Slain by p0werm0de's ghost (27 damage)
             ... on level 1 of the Lair of Beasts.
             The game lasted 01:05:02 (15872 turns).

Monsterracer the Destroyer (Deep Elf Wizard)       Turns: 15872, Time: 01:05:03

Health: -2/63      AC: 13    Str:  6    XL:     11   Next: 34%
Magic:  19/26      EV: 16    Int: 33    God:    Vehumet [***...]
Gold:   666        SH:  0    Dex: 13    Spells: 15/29 levels left

rFire    + + .     SeeInvis .   b - +1 whip (elec)
rCold    + . .     Gourm    .   (no shield)
rNeg     . . .     Faith    .   s - +2 robe {rF+}
rPois    .         Spirit   .   t - +2 helmet
rElec    .         Reflect  .   l - scarf {rC+ rF+}
rCorr    .         Harm     .   y - +2 pair of gloves
MR       +....                  r - +2 pair of boots
Stlth    ++........             (no amulet)
HPRegen  0.20/turn              u - +2 ring of strength
MPRegen  0.20/turn              i - +6 ring of intelligence

@: no status effects
A: no striking features
a: Renounce Religion


You were on level 1 of the Lair of Beasts.
You worshipped Vehumet.
Vehumet was most pleased with you.
You were not hungry.

You visited 3 branches of the dungeon, and saw 12 of its levels.
You also visited: Sewer.

You collected 666 gold pieces.

Inventory:

Hand Weapons
 b - a +1 whip of electrocution (weapon)
Missiles
 v - 5 throwing nets (quivered)
Armour
 g - the +1 robe of Moppas {rElec rC++ Str+2 Int-3}
   (You took it off an orc wizard on level 8 of the Dungeon)

   It affects your strength (+2).
   It affects your intelligence (-3).
   It greatly protects you from cold.
   It insulates you from electricity.
 l - a scarf of resistance (worn)
 r - a +2 pair of boots (worn)
 s - a +2 robe of fire resistance (worn)
 t - a +2 helmet (worn)
 y - a +2 pair of gloves (worn)
Magical Staves
 a - an uncursed staff of air
Jewellery
 i - a +6 ring of intelligence (right hand)
 u - a +2 ring of strength (left hand)
Scrolls
 c - 3 scrolls of identify
 h - a scroll of recharging
 j - 3 scrolls of teleportation
 w - a scroll of fog
 D - 3 scrolls of fear
 H - 3 scrolls of remove curse
Potions
 e - 2 potions of invisibility {unknown}
 k - 2 potions of mutation {unknown}
 m - 2 potions of agility
 o - 4 potions of lignification
 p - 6 potions of flight
 q - a potion of berserk rage {unknown}
 C - a potion of might {unknown}
 E - a potion of haste
 F - 3 potions of ambrosia {unknown}
Comestibles
 d - 15 bread rations
 f - 7 royal jellies
 n - 4 meat rations
 x - 3 chunks of flesh


   Skills:
 + Level 5.1 Fighting
 + Level 7.9 Dodging
 - Level 2.4 Stealth
 + Level 9.8 Spellcasting
 * Level 12.1 Conjurations
   Level 1.1 Summonings
 - Level 1.1 Translocations
 + Level 7.1 Fire Magic
 - Level 1.2 Ice Magic
 - Level 4.8 Air Magic


You had 15 spell levels left.
You knew the following spells:

 Your Spells              Type           Power        Failure   Level  Hunger
a - Throw Flame           Conj/Fire      ######       1%          2    None
b - Conjure Flame         Conj/Fire      ######..     1%          3    None
c - Flame Tongue          Conj/Fire      #####        1%          1    None
d - Mephitic Cloud        Conj/Pois/Air  ######..     1%          3    None
e - Blink                 Tloc           N/A          2%          2    None
f - Throw Frost           Conj/Ice       ######       1%          2    None
g - Magic Dart            Conj           ####         0%          1    None


Dungeon Overview and Level Annotations

Branches:
Dungeon (10/15)            Temple (1/1) D:5            Lair (1/6) D:8
    Orc: D:9-12

Altars:
Ashenzari
Cheibriados
Dithmenos
Elyvilon
Fedhas
Gozag
Hepliaklqana
Kikubaaqudgha
Makhleb
Nemelex Xobeh
Okawaru
Qazlal
Ru
Sif Muna
Trog
Uskayaw
Vehumet
Wu Jian
Xom
Yredelemnul
Zin
The Shining One

Shops:
D:8 ?

Annotations:
D:10 asdu's ghost, journeyman DsWn
Lair:1 p0werm0de's ghost, novice DsCK


Message History

Confirm with . or Enter, or press ? or * to list all spells.
Aiming: Throw Flame
Press: ? - help, Shift-Dir - straight line, f - p0werm0de's ghost
Aim: p0werm0de's ghost (flame, lightly damaged)
The puff of flame misses p0werm0de's ghost.
P0werm0de's ghost is engulfed in blazing flames.
P0werm0de's ghost hits you!
* * * LOW HITPOINT WARNING * * *
Huge Dmg: -25%(-16hp) hp: 39%(24hp)
Casting: Throw Flame
Confirm with . or Enter, or press ? or * to list all spells.
Aiming: Throw Flame
Press: ? - help, Shift-Dir - straight line, f/p - p0werm0de's ghost
Aim: p0werm0de's ghost (flame, lightly damaged)
The puff of flame hits p0werm0de's ghost.
P0werm0de's ghost completely resists.
P0werm0de's ghost is lightly damaged.
P0werm0de's ghost is engulfed in blazing flames.
P0werm0de's ghost hits you!!
You die...

.........#.........#...P...#
...........###..#####......#
................####.......#
....P..#......#.........####
###..............##........###
.........##......###.....#...#
..>##............[...#...#...#
........#=#####W#....<......#
#....t..##....#@####....###.#
####.#.#.........###..##..#######
..........#............P...##.##.
##.#.#.##........................
........#######.#.....#.#...#.###
...####...#.###...#...........##.
. ###.............#...#......
###.....#................
#.....##...#P#.......##


You could see p0werm0de's ghost.

Vanquished Creatures
  Harold (D:8)
  2 two-headed ogres (D:9)
  Pikel (D:4)
  2 gargoyles
  2 spiny frogs (Lair:1)
  A hornet (D:8)
  4 hippogriffs
  Grinder (D:6)
  A spriggan (D:9)
  Sigmund (D:2)
  Eustachio (D:6)
  A wyvern (D:8)
  A yak (D:8)
  Menkaure (D:6)
  Edmund (D:4)
  3 porcupines (Lair:1)
  2 orc warriors (D:7)
  Purgy (Sewer)
  3 slaves
  2 black bears
  A phantom (D:6)
  The ghost of asdu the Chopper, an amateur HOSk (D:4)
  4 ogres
  A crocodile (D:8)
  2 wolves (D:8)
  6 centaurs
  9 bullfrogs
  A scorpion (D:5)
  6 wights (D:9)
  3 electric eels
  A howler monkey (D:7)
  4 crimson imps
  2 bullfrog zombies
  A centaur zombie (D:7)
  4 jellies
  8 hounds
  3 orc wizards
  3 quasits
  A bullfrog skeleton (D:4)
  2 orc priests
  A centaur skeleton (D:7)
  An iguana (D:9)
  11 worker ants
  Natasha (D:2)
  3 hound zombies
  A howler monkey zombie (D:4)
  A worker ant zombie (D:5)
  Robin (D:4)
  14 gnolls
  A howler monkey skeleton (D:3)
  15 adders
  A river rat (D:4)
  2 shadow imps
  2 oozes (D:4)
  2 adder zombies (D:3)
  An adder skeleton (D:7)
  6 worms
  7 leopard geckos
  17 orcs
  8 bats
  17 giant cockroaches
  20 goblins
  7 hobgoblins
  7 jackals
  7 quokkas
  3 ball pythons
  14 frilled lizards
  7 kobolds
  A leopard gecko skeleton (D:3)
  A leopard gecko zombie (D:5)
  A quokka skeleton (D:5)
  A quokka zombie (D:3)
  8 rats
285 creatures vanquished.

Vanquished Creatures (others)
  A fungus (Lair:1)
  4 plants
5 creatures vanquished.

Grand Total: 290 creatures vanquished

Notes
Turn   | Place    | Note
-------+----------+-------------------------------------------
     0 | D:1      | Monsterracer the Deep Elf Wizard began the quest for the Orb.
     0 | D:1      | Reached XP level 1. HP: 10/10 MP: 7/7
   136 | D:1      | Reached skill level 2 in Conjurations
   259 | D:1      | Reached XP level 2. HP: 10/15 MP: 3/9
   884 | D:2      | Learned a level 2 spell: Blink
   897 | D:2      | Reached skill level 3 in Conjurations
   974 | D:2      | Reached XP level 3. HP: 8/19 MP: 7/10
   979 | D:2      | Learned a level 3 spell: Conjure Flame
   983 | D:2      | Learned a level 3 spell: Mephitic Cloud
  1252 | D:2      | Noticed Sigmund
  1890 | D:2      | Reached skill level 4 in Conjurations
  2102 | D:2      | Reached XP level 4. HP: 24/24 MP: 3/12
  2184 | D:2      | Noticed Natasha
  2277 | D:2      | Killed Sigmund
  2277 | D:2      | Reached skill level 6 in Conjurations
  2277 | D:2      | Reached XP level 5. HP: 28/28 MP: 1/13
  2417 | D:2      | Killed Natasha
  2673 | D:3      | Reached XP level 6. HP: 32/32 MP: 7/14
  3006 | D:3      | Reached skill level 1 in Air Magic
  3451 | D:3      | Reached skill level 1 in Fire Magic
  3863 | D:4      | Reached skill level 7 in Conjurations
  4106 | D:4      | Reached XP level 7. HP: 34/36 MP: 14/16
  4160 | D:4      | Found a glowing drain.
  4168 | Sewer    | Entered a sewer
  4194 | Sewer    | Noticed Purgy
  4205 | Sewer    | Killed Purgy
  4205 | Sewer    | Reached skill level 5 in Spellcasting
  4527 | D:4      | Noticed Pikel
  4616 | D:4      | Noticed asdu's ghost (amateur HOSk)
  5651 | D:4      | Noticed Edmund
  5667 | D:4      | Killed Edmund
  5874 | D:4      | Killed Pikel
  5874 | D:4      | Reached skill level 1 in Fighting
  5874 | D:4      | Reached skill level 8 in Conjurations
  5874 | D:4      | Reached XP level 8. HP: 25/43 MP: 0/19
  6023 | D:4      | Killed asdu's ghost
  6419 | D:4      | Noticed Robin
  6513 | D:4      | Killed Robin
  6870 | D:5      | Entered Level 5 of the Dungeon
  7476 | D:5      | Found a staircase to the Ecumenical Temple.
  7488 | Temple   | Entered the Ecumenical Temple
  7583 | Temple   | Became a worshipper of Vehumet
  8007 | D:5      | Found a glowing golden altar of the Shining One.
  8400 | D:5      | Reached skill level 9 in Conjurations
  8687 | D:6      | Noticed Eustachio
  8701 | D:6      | Killed Eustachio
  8701 | D:6      | Reached XP level 9. HP: 45/49 MP: 17/21
  8768 | D:6      | Noticed Menkaure
  8774 | D:6      | Killed Menkaure
  8774 | D:6      | Reached * piety under Vehumet
  8774 | D:6      | Offered knowledge of Flame Tongue by Vehumet.
  8777 | D:6      | Learned a level 1 spell: Flame Tongue
  9259 | D:6      | Noticed Grinder
  9264 | D:6      | Paralysed by Grinder for 4 turns
  9276 | D:6      | Killed Grinder
  9364 | D:6      | Noticed a gargoyle
 10082 | D:6      | Killed a gargoyle
 10082 | D:6      | Reached skill level 5 in Dodging
 10341 | D:7      | Reached skill level 10 in Conjurations
 10341 | D:7      | Reached skill level 5 in Fire Magic
 10597 | D:7      | Identified the +4 ring mail of the Unbroken {rC+} (You found it on level 7 of the Dungeon)
 11032 | D:7      | Reached XP level 10. HP: 56/56 MP: 9/23
 11624 | D:8      | Paralysed by a hornet for 1 turns
 11628 | D:8      | HP: 2/56 [hornet (5)]
 11667 | D:8      | Reached ** piety under Vehumet
 11667 | D:8      | Offered knowledge of Throw Frost by Vehumet.
 11671 | D:8      | Learned a level 2 spell: Throw Frost
 11951 | D:8      | Identified the +1 robe of Moppas {rElec rC++ Str+2 Int-3} (You took it off an orc wizard on level 8 of the Dungeon)
 12168 | D:8      | Found Nymesmiu's Magic Scroll Shop.
 12172 | D:8      | Reached skill level 11 in Conjurations
 12206 | D:8      | Reached skill level 1 in Ice Magic
 12221 | D:8      | Found a staircase to the Lair.
 12538 | D:9      | Noticed a two-headed ogre
 12566 | D:9      | Killed a two-headed ogre
 12733 | D:9      | Found a blossoming altar of Fedhas.
 12862 | D:9      | Noticed a two-headed ogre
 12877 | D:9      | Killed a two-headed ogre
 13295 | D:9      | Offered knowledge of Throw Flame by Vehumet.
 13295 | D:9      | Reached XP level 11. HP: 62/62 MP: 18/26
 13299 | D:9      | Learned a level 2 spell: Throw Flame
 13519 | D:10     | Entered Level 10 of the Dungeon
 13531 | D:10     | Noticed asdu's ghost (journeyman DsWn)
 14270 | D:9      | Noticed a two-headed ogre
 14452 | Lair:1   | Entered Level 1 of the Lair of Beasts
 14452 | Lair:1   | Noticed Harold
 14500 | D:8      | Killed Harold
 14520 | D:8      | HP: 4/93 [poisoned by Harold]
 14525 | D:8      | HP: 3/93 [poisoned by Harold]
 14530 | D:8      | HP: 2/93 [poisoned by Harold]
 14537 | D:8      | HP: 2/93 [poisoned by Harold]
 14545 | D:8      | HP: 1/62 [poisoned by Harold]
 15057 | Lair:1   | Reached skill level 12 in Conjurations
 15133 | Lair:1   | Reached skill level 5 in Fighting
 15134 | Lair:1   | Noticed p0werm0de's ghost (novice DsCK)
 15148 | Lair:1   | Reached *** piety under Vehumet
 15872 | Lair:1   | Slain by p0werm0de's ghost

Vault maps used:
D:1:      lightli_arrival_isolated_outpost
D:2:      first_bread, minmay_strange_pillars, uniq_sigmund, uniq_natasha
D:3:      minmay_roachtagon, serial_undead, serial_undead_d, serial_undead_f,
          serial_undead_c, serial_undead_a, serial_park_tiny_2
D:4:      lightli_sewer_entry_pipes, serial_bayou_pond_a, uniq_edmund,
          uniq_robin, uniq_pikel
D:5:      temple_green, basic_altar, minmay_misc_feat_pillars
D:6:      kennysheep_big_flooded_room, uniq_eustachio, uniq_menkaure,
          uniq_grinder
D:8:      lair_entry_dummy, serial_shops, shop_statue
D:9:      fedhas_altar_1, the_bakery
D:10:     orc_0_dummy, serial_bayou, serial_bayou_pond_c, serial_bayou_pond_c,
          serial_bayou_lagoon_b, serial_bayou_pond_a, serial_bayou_shore_b
Temple:   kilobyte_greek_temple
Lair:1:   beast_lair_carwin_5, uniq_harold
Sewer:    sewer_co_purgy_island

Skill      XL: |  1  2  3  4  5  6  7  8  9 10 11 |
---------------+----------------------------------+-----
Conjurations   | 2 3 4 6 7 8 9 10 11 12 | 12.1
Air Magic      | 2 3 4 |  4.8
Fire Magic     | 2 3 4 5 6 7 |  7.1
Spellcasting   | 6 7 9 |  9.8
Fighting       | 1 2 3 4 5 |  5.1
Dodging        | 3 4 5 7 |  7.9
Ice Magic      | 1 |  1.2
Stealth        | |  2.4
Summonings     | |  1.1
Translocations | |  1.1

Action                   |  1- 3 |  4- 6 |  7- 9 | 10-12 || total
-------------------------+-------+-------+-------+-------++-------
Melee: Dagger            |     6 |       |       |       ||     6
       Short sword       |    24 |    76 |   113 |       ||   213
       Whip              |       |       |    98 |   146 ||   244
 Cast: Magic Dart        |    58 |    97 |   280 |    57 ||   492
       Mephitic Cloud    |     3 |    10 |    17 |    19 ||    49
       Conjure Flame     |     2 |     2 |    19 |    14 ||    37
       Blink             |     1 |     1 |     7 |    23 ||    32
       Flame Tongue      |       |       |    99 |   164 ||   263
       Throw Frost       |       |       |       |    23 ||    23
       Throw Flame       |       |       |       |    55 ||    55
  Use: Potion            |     2 |       |     4 |     5 ||    11
       Scroll            |       |       |    18 |     1 ||    19
 Stab: Sleeping          |     4 |       |     2 |       ||     6
       Confused          |       |     3 |     2 |     4 ||     9
  Eat: Chunk             |     4 |     6 |    21 |    11 ||    42
       Meat ration       |       |       |       |     1 ||     1
Armor: Robe              |     5 |    36 |    83 |    75 ||   199
       Skin              |       |       |    51 |       ||    51
       Ring mail         |       |       |    10 |    51 ||    61
Dodge: Dodged            |    30 |    66 |   178 |   197 ||   471
